 Dungeon Crawl Stone Soup version 0.20-a0-923-g548304e (webtiles) character file.

215 Conn321 the Sneak (level 5, -1/33 HPs)
             Began as an Octopode Wizard on Mar 26, 2017.
             Killed from afar by Natasha (7 damage)
             ... with a magic dart
             ... on level 2 of the Dungeon.
             The game lasted 00:12:28 (2773 turns).

Conn321 the Sneak (Octopode Wizard)                 Turns: 2773, Time: 00:12:29

Health: -1/33      AC:  1    Str:  6    XL:     5   Next: 92%
Magic:  6/11       EV: 13    Int: 21    God:
Gold:   89         SH:  0    Dex: 11    Spells: 4/12 levels left

rFire    . . .     SeeInvis .   j - +0 short sword
rCold    . . .     Gourm    .   (no shield)
rNeg     . . .     Faith    .   a - +0 hat
rPois    .         Spirit   .   (no amulet)
rElec    .         Reflect  .   (no ring)
rCorr    .         Harm     .   (no ring)
MR       .....                  (no ring)
Stlth    +++.......             (no ring)
Regen    0.2/turn               (no ring)
MPRegen  0.2/turn               (no ring)
                                (no ring)
                                (no ring)

@: slowed, very slow
A: almost no armour, stealthy swim, amphibious, 8 rings, constrict 8, camouflage
1, gelatinous body 1
a: no special abilities


You were on level 2 of the Dungeon.
You were not hungry.

You visited 1 branch of the dungeon, and saw 2 of its levels.

You collected 89 gold pieces.

Inventory:

Hand Weapons
 d - a +0 dagger
 j - a +0 short sword (weapon)
Armour
 a - a +0 hat (worn)
Scrolls
 f - 2 scrolls of identify {unknown}
 k - a scroll of fear {unknown}
 m - a scroll of recharging {unknown}
Potions
 e - a potion of heal wounds {unknown}
 i - 2 potions of magic {unknown}
 l - a potion of curing {unknown}
Books
 b - a book of Minor Magic

   Spells                             Type                      Level
   a - Magic Dart                     Conjuration                  1
   b - Blink                          Translocation                2
   c - Call Imp                       Summoning                    2
   d - Slow                           Hexes                        2
   e - Conjure Flame                  Conjuration/Fire             3
   f - Mephitic Cloud                 Conjuration/Poison/Air       3
Comestibles
 c - 3 bread rations
 g - 3 meat rations
 h - a royal jelly


   Skills:
 + Level 1.2 Fighting
 + Level 1.1 Short Blades
 + Level 2.4 Dodging
 + Level 4.2 Stealth
 + Level 0.4 Unarmed Combat
 + Level 4.1 Spellcasting
 * Level 2.4 Conjurations
 + Level 2.0 Summonings
 + Level 1.0 Translocations


You had 4 spell levels left.
You knew the following spells:

 Your Spells              Type           Power        Failure   Level  Hunger
a - Magic Dart            Conj           ##..         6%          1    None
b - Blink                 Tloc           N/A          12%         2    #......
c - Call Imp              Summ           ##......     10%         2    #......
d - Conjure Flame         Conj/Fire      #.......     24%         3    ###....


Dungeon Overview and Level Annotations

Branches:
Dungeon (2/15)

Altars:
Elyvilon
Zin

Annotations:
D:2 Natasha


Innate Abilities, Weirdness & Mutations

You cannot wear most types of armour.
You are very stealthy in the water. (Stealth+)
You are amphibious.
You can wear up to eight rings at the same time.
You can use your tentacles to constrict eight enemies at once.
Your skin changes colour to match your surroundings (Stealth+).
Your rubbery body absorbs attacks. (AC +1, EV +1)


Message History

You resist with some effort. The white imp gestures at you.
The puff of frost hits you!
Casting: Magic Dart
Confirm with . or Enter, or press ? or * to list all spells.
Aiming: Magic Dart
Press: ? - help, Shift-Dir - straight line, f/p - Natasha
Aim: Natasha (severely wounded, constricted by you)
The magic dart hits Natasha.
Natasha is severely wounded.
You constrict Natasha, but do no damage.
Natasha misses you. The white imp hits you.
* * * LOW HITPOINT WARNING * * *
The white imp freezes you.
* * * LOW HITPOINT WARNING * * *
Natasha mumbles some strange words.
Natasha shimmers violently.
Natasha casts a spell at you. The magic dart hits you!
You die...

.......# #.###########..######
.♣..≈#.# #.#..........>.##....
...≈≈#.# #.#.########...##.###
...###.######..........#...##.# #
#)###............#####.#...##.###
#.# #..########......#.#...##.##.
#.###..########..###.#.#<..##.#.#
#..)......>.....h# #...#.......##
####...########5@# #.###.#.####.#
#...########..###.# #.#.# ##.
####..........)......# #.#.# ##
#.....####.####..###.# #.#.# #
#.###.# #.# #..###.###.#.# #.#
#.# #@####......).(.#.# #.# #.#
#5..........#####.# #.#
#.####.#####.##..# #.# #.#
#............##.## #.#


You could see Natasha and a white imp.

Vanquished Creatures
  Sigmund (D:2)
  Natasha (D:2)
  3 adders (D:2)
  A dart slug (D:2)
  3 leopard geckos
  7 bats
  A giant cockroach (D:1)
  6 goblins
  5 hobgoblins
  2 jackals (D:1)
  2 quokkas
  A ball python (D:1)
  2 frilled lizards (D:2)
  8 kobolds
  5 rats (D:1)
48 creatures vanquished.

Vanquished Creatures (collateral kills)
  A worm (D:2)
1 creature vanquished.

Vanquished Creatures (others)
  A quokka (D:2)
  A rat (D:2)
2 creatures vanquished.

Grand Total: 51 creatures vanquished

Notes
Turn   | Place    | Note
-------+----------+-------------------------------------------
     0 | D:1      | Conn321 the Octopode Wizard began the quest for the Orb.
     0 | D:1      | Reached XP level 1. HP: 11/11 MP: 4/4
   378 | D:1      | Reached XP level 2. HP: 15/17 MP: 0/6
   942 | D:1      | Learned a level 2 spell: Blink
   945 | D:1      | Learned a level 2 spell: Call Imp
  1060 | D:1      | Reached XP level 3. HP: 11/21 MP: 0/8
  1620 | D:2      | Found a glowing silver altar of Zin.
  1694 | D:2      | Reached XP level 4. HP: 22/27 MP: 0/9
  1831 | D:2      | Found a white marble altar of Elyvilon.
  1928 | D:2      | Noticed Natasha
  1938 | D:2      | Killed Natasha
  1938 | D:2      | Reached skill level 1 in Fighting
  2142 | D:2      | Noticed Sigmund
  2149 | D:2      | Learned a level 3 spell: Conjure Flame
  2718 | D:2      | Killed Sigmund
  2718 | D:2      | Reached skill level 1 in Short Blades
  2718 | D:2      | Reached XP level 5. HP: 16/33 MP: 6/11
  2768 | D:2      | Noticed Natasha
  2773 | D:2      | Killed from afar by Natasha

Vault maps used:
D:1:      elethiomel_arrival_maze
D:2:      elyvilon_altar_4, overflow_temple_1_default, uniq_sigmund,
          uniq_natasha

Skill      XL: |  1  2  3  4  5 |
---------------+----------------+-----
Stealth        | 3 4 |  4.2
Fighting       | 1 |  1.2
Short Blades   | 1 |  1.1
Spellcasting   | 4 |  4.1
Conjurations   | 2 |  2.4
Summonings     | 2 |  2.0
Dodging        | |  2.4
Unarmed Combat | |  0.4
Translocations | |  1.0

Action                   |  1- 3 |  4- 6 || total
-------------------------+-------+-------++-------
Melee: Unarmed           |    12 |       ||    12
       Constrict         |    19 |     6 ||    25
       Dagger            |    41 |       ||    41
       Tentacles         |     7 |     4 ||    11
       Short sword       |    13 |    16 ||    29
 Cast: Magic Dart        |    49 |    34 ||    83
       Call Imp          |       |    10 ||    10
       Conjure Flame     |       |     1 ||     1
  Use: Potion            |     1 |       ||     1
 Stab: Sleeping          |     4 |     2 ||     6
  Eat: Chunk             |     2 |     4 ||     6
Armor: Skin              |    21 |     1 ||    22
Dodge: Dodged            |    69 |    18 ||    87
